 Dungeon Crawl Stone Soup version 0.25-b1-23-ge2ad7d536c (webtiles) character file.

Game seed: 3540239324740267716, levelgen mode: deterministic

189 HoaS the Twirler (level 5, -2/32 HPs)
             Began as a Gargoyle Gladiator on June 1, 2020.
             Slain by a gnoll
             ... wielding a +0 flail
              (7 damage)
             ... on level 3 of the Dungeon.
             The game lasted 00:05:11 (2219 turns).

HoaS the Twirler (Gargoyle Gladiator)               Turns: 2219, Time: 00:05:11

Health: -2/32      AC: 14    Str: 19    XL:     5   Next: 68%
Magic:  5/5        EV:  8    Int:  8    God:
Gold:   158        SH:  0    Dex: 11    Spells: 4/4 levels left

rFire    . . .     SeeInvis +   a - +0 quarterstaff
rCold    . . .     Gourm    .   (shield currently unavailable)
rNeg     + . .     Faith    .   q - +0 chain mail
rPois    ∞         Spirit   .   c - +0 helmet
rElec    +         Reflect  .   (no cloak)
rCorr    .         Harm     .   (no gloves)
MR       .....                  (no boots)
Stlth    ..........             (no amulet)
HPRegen  0.10/turn              j - ring of see invisible
MPRegen  0.09/turn              (no ring)

@: no status effects
A: negative energy resistance 1, electricity resistance, unbreathing,
petrification resistance, rot immunity, AC +4
a: no special abilities


You were on level 3 of the Dungeon.
You were hungry.

You visited 1 branch of the dungeon, and saw 3 of its levels.

You collected 158 gold pieces.

Inventory:

Hand Weapons
 a - a +0 quarterstaff (weapon)
Missiles
 d - 3 throwing nets (quivered)
Armour
 c - a +0 helmet (worn)
 q - a +0 chain mail (worn)
Jewellery
 b - a +6 ring of dexterity {unknown}
 j - a ring of see invisible (left hand)
Scrolls
 e - 3 scrolls of teleportation
 k - 4 scrolls of remove curse
 l - 2 scrolls of identify
 m - 2 scrolls of enchant weapon {unknown}
Potions
 h - 2 potions of curing
 i - a potion of lignification
 n - a potion of might {unknown}
 o - 2 potions of degeneration {unknown}
Comestibles
 f - 6 rations
 g - 2 chunks of flesh


   Skills:
 + Level 3.6 Fighting
 * Level 4.8 Staves
 - Level 1.7 Throwing
 + Level 2.6 Armour
 - Level 2.4 Dodging


You had 4 spell levels left.
You didn't know any spells.
Your spell library was empty.

Dungeon Overview and Level Annotations

Branches:
Dungeon (3/15)

Altars:
Ashenzari


Innate Abilities, Weirdness & Mutations

You are resistant to torment.
Your stone body is resilient. (AC +4)
You are immune to poison.
You resist negative energy. (rN+)
You are resistant to electric shocks. (rElec)
You can survive without breathing.
You are immune to petrification.
You are immune to rotting.


Message History

The gnoll is severely wounded.
The gnoll barely misses you. The gnoll completely misses you. x2
The gnoll hits you but does no damage.
You hit the gnoll.
The gnoll is almost dead.
The gnoll hits you but does no damage. x2; The gnoll hits you with a +0 flail.
* * * LOW HITPOINT WARNING * * *
You closely miss the gnoll.
The gnoll is almost dead.
The gnoll hits you from afar with a +0 spear.
* * * LOW HITPOINT WARNING * * *
The gnoll hits you but does no damage. x2; The gnoll closely misses you.
The gnoll hits you but does no damage.
You closely miss the gnoll.
The gnoll is almost dead.
The gnoll hits you but does no damage. x3
You hit the gnoll.
You kill the gnoll!
The gnoll hits you with a +0 flail!
You die...

#.######......#..##.#
........#..#.#..##.#
#.#####..#...........
#..[........#.#......
#.#.##...#..#.#.###.#
#.#.##...#..#.#.# #.#
#.#..÷......#.#.# #.#
#...†.......# ... ...
#.#g@#####..# #. ..#
####.#g)#####..# ####
.....g.........#
#.##.##.#####..# # #.
#.# # #........r.. #
..g.....#.###.. #
g.h......... #
#.#####.# ... #


You could see 3 gnolls.

Vanquished Creatures
  Terence (D:3)
  Natasha (twice) (D:3)
  3 adders (D:2)
  A gnoll (D:3)
  A worm (D:2)
  3 dart slugs
  3 leopard geckos
  2 ball pythons (D:2)
  5 giant cockroaches
  5 hobgoblins
  6 jackals
  A quokka (D:2)
  7 bats
  9 frilled lizards
  3 goblins
  7 kobolds
  12 rats
71 creatures vanquished.

Notes
Turn   | Place    | Note
-------+----------+-------------------------------------------
     0 | D:1      | HoaS the Gargoyle Gladiator began the quest for the Orb.
     0 | D:1      | Reached XP level 1. HP: 12/12 MP: 1/1
    51 | D:1      | Reached XP level 2. HP: 15/18 MP: 2/2
   255 | D:1      | Reached skill level 1 in Armour
   314 | D:1      | Reached XP level 3. HP: 16/22 MP: 3/3
   925 | D:2      | Found a shattered altar of Ashenzari.
  1404 | D:2      | Reached skill level 4 in Staves
  1404 | D:2      | Reached XP level 4. HP: 28/28 MP: 4/4
  1429 | D:2      | You fall into a shaft and drop 1 floor!
  1435 | D:3      | Noticed Terence
  1453 | D:3      | Killed Terence
  1615 | D:2      | Found a faded altar of an unknown god.
  1739 | D:2      | Reached XP level 5. HP: 32/32 MP: 5/5
  2185 | D:3      | Noticed Natasha
  2199 | D:3      | Killed Natasha
  2200 | D:3      | Noticed Natasha
  2210 | D:3      | Killed Natasha
  2219 | D:3      | Slain by a gnoll

Illustrated notes

Levels and vault maps discovered:
D:1:      psy_arrival_terrarium, layout_basic, st_stairs_11
D:2:      layout_basic, evilmike_ruin_ashenzari,
          chequers_ecumenical_altar_grove, first_ration,
          minmay_randomly_rotated_circles
D:3:      layout_basic, nicolae_overflow_crystal_walls, lemuel_crystal_altar,
          minmay_unequal, uniq_natasha, uniq_terence

Skill      XL: |  1  2  3  4 |
---------------+-------------+-----
Armour         | 1 2 |  2.6
Fighting       | 3 |  3.6
Staves         | 4 |  4.8
Throwing       | |  1.7
Dodging        | |  2.4

Action                   |  1- 3 |  4- 6 || total
-------------------------+-------+-------++-------
Melee: Quarterstaff      |   132 |   107 ||   239
  Use: Scroll            |     6 |     1 ||     7
  Eat: Chunk             |     2 |     2 ||     4
Armor: Leather armour    |    46 |     4 ||    50
       Ring mail         |       |    14 ||    14
       Chain mail        |       |    69 ||    69
Dodge: Dodged            |    86 |    66 ||   152
